 Dungeon Crawl Stone Soup version 0.18-a0-1626-g65af6d3 (webtiles) character file.

89 George the Chopper (level 4, -1/37 HPs)
             Began as a Minotaur Gladiator on Mar 24, 2016.
             Slain by Grinder (6 damage)
             ... on level 3 of the Dungeon.
             The game lasted 00:03:02 (2199 turns).

George the Chopper (Minotaur Gladiator)             Turns: 2199, Time: 00:03:03

Health: -1/37      AC:  9    Str: 21    XL:     4   Next: 31%
Magic:  3/3        EV:  8    Int:  5    God:
Gold:   84         SH:  0    Dex: 10    Spells: 0 memorised, 3 levels left

rFire  . . .     SeeInvis .     a - +0 war axe
rCold  . . .     Gourm    .     y - +0 chain mail
rNeg   . . .     Faith    .     (no shield)
rPois  .         Spirit   .     c - +0 hat
rElec  .         Dismiss  .     g - +0 cloak
rCorr  .         Reflect  .     (no gloves)
SustAt .         Harm     .     (no boots)
MR     .....                    (no amulet)
Stlth  ..........               (no ring)
                                u - ring of loudness (curse)

@: not resistant to hostile enchantments, extremely unstealthy
A: retaliatory headbutt, horns 2
a: no special abilities


You were on level 3 of the Dungeon.
You were not hungry.

You visited 1 branch of the dungeon, and saw 3 of its levels.

You collected 84 gold pieces.

Inventory:

Hand Weapons
 a - a +0 war axe (weapon)
Missiles
 d - 4 throwing nets (quivered)
Armour
 c - a +0 hat (worn)
 g - a +0 cloak (worn)
 y - a +0 chain mail (worn)
Jewellery
 u - a cursed ring of loudness (left hand)
Scrolls
 i - 2 scrolls of fear {unknown}
 k - 2 scrolls of teleportation {unknown}
 l - 2 scrolls of remove curse {unknown}
 m - 3 scrolls of identify {unknown}
 t - a scroll of magic mapping {unknown}
 w - a scroll of enchant armour {unknown}
Potions
 j - a potion of resistance {unknown}
 n - 4 potions of brilliance {unknown}
 p - 2 potions of flight {unknown}
 r - a potion of lignification {unknown}
 s - a potion of curing {unknown}
 v - a potion of heal wounds {unknown}
 z - a potion of degeneration {unknown}
 B - a potion of agility {unknown}
Comestibles
 f - 5 bread rations
 q - a beef jerky
 A - 5 chunks of flesh


   Skills:
 - Level 2.4 Fighting
 + Level 6.2 Axes
 - Level 2.0 Throwing
 - Level 3.2 Dodging


You had 3 spell levels left.
You didn't know any spells.

Dungeon Overview and Level Annotations

Branches:
Dungeon (3/15)

Altars:
Ashenzari
Gozag

Annotations:
D:3 Grinder


Innate Abilities, Weirdness & Mutations

You reflexively headbutt those who attack you in melee.
You have a pair of horns on your head.


Message History

You slash Grinder! Your headbutt misses Grinder.
Grinder is moderately wounded.
Grinder closely misses you.
You hit Grinder. Your headbutt misses Grinder.
Grinder is moderately wounded.
Grinder closely misses you.
You barely miss Grinder.
Grinder is moderately wounded.
Grinder hits you but does no damage.
You hit Grinder.
Grinder is heavily wounded.
Grinder hits you.
You writhe in agony.
You closely miss Grinder. Your headbutt misses Grinder.
Grinder is heavily wounded.
Grinder hits you!
* * * LOW HITPOINT WARNING * * *
You writhe in agony.
* * * LOW HITPOINT WARNING * * *
Grinder hits you.
You die...

#.... ....# ...#
##..## #######
#...#
#.....###.#.##
#.....##..#..##
#.........@5..#
#.....##..###..#
#.....###....
...
####.######.#.#
# #.......# #.##
#.##.##.# ...
#.##.# # .....
#.##.# .# . ...
#.##.##.###.


You could see Grinder.

Vanquished Creatures
  3 adders
  4 dart slugs
  7 giant geckos
  2 ball pythons (D:3)
  6 bats
  3 goblins
  5 hobgoblins
  4 jackals
  7 kobolds
  7 rats
48 creatures vanquished.

Notes
Turn   | Place    | Note
--------------------------------------------------------------
     0 | D:1      | George the Minotaur Gladiator began the quest for the Orb.
     0 | D:1      | Reached XP level 1. HP: 18/18 MP: 0/0
   189 | D:1      | Reached skill level 4 in Axes
   194 | D:1      | Reached XP level 2. HP: 22/25 MP: 1/1
  1133 | D:2      | Reached skill level 5 in Axes
  1138 | D:2      | Reached XP level 3. HP: 30/30 MP: 2/2
  1278 | D:2      | HP: 1/30 [poisoned by an adder]
  1993 | D:3      | Reached XP level 4. HP: 37/37 MP: 3/3
  2003 | D:3      | Reached skill level 6 in Axes
  2070 | D:3      | Found an opulent altar of Gozag.
  2146 | D:3      | Found a shattered altar of Ashenzari.
  2190 | D:3      | Noticed Grinder
  2199 | D:3      | Slain by Grinder

Vault maps used:
D:1:      nicolae_arrival_washed_ashore, roderic_lattice_a
D:2:      kennysheep_small_spiral, interstate_on_off
D:3:      nicolae_gozag_cash_rules_everything_around_me,
          nicolae_overflow_hidden_temple, first_bread, lemuel_angel_altar,
          uniq_grinder

Skill      XL: |  1  2  3  4 |
---------------+-------------+-----
Axes           | 4 5 6 |  6.2
Fighting       | |  2.4
Throwing       | |  2.0
Dodging        | |  3.2

Action                   |  1- 3 |  4- 6 || total
-------------------------+-------+-------++-------
Melee: War axe           |    80 |    27 ||   107
  Eat: Chunk             |     3 |     1 ||     4
